[Event "Titled Tuesday Blitz February 14 Late 2023"]
[White "EREBUNI91"]
[Black "Nunez V, Gustavo Eduardo"]
[BlackFideId "4403690"]
[WhiteElo "2724"]
[BlackElo "2212"]
[Result "1-0"]
[Round "07"]
[TimeControl "180+2"]
[Date "2023.02.14"]
[WhiteClock "0:00:25"]
[BlackClock "0:00:29"]

1. e4 c5 2. Nf3 Nc6 3. Bb5 g6 4. Bxc6 dxc6 5. d3 Bg7 6. h3 e5 7. O-O Qc7 8. Be3 b6 9. Nc3 Nf6 10. a4 a5 11. Nh2 Nh5 12. Qe2 O-O 13. Nf3 h6 14. Rae1 Bd7 15. Qd2 Kh7 16. g3 Bxh3 17. Qe2 Rae8 18. Nh2 Bxf1 19. Rxf1 f5 20. exf5 Rxf5 21. Ne4 Ref8 22. Bd2 Nf6 23. g4 Nxe4 24. gxf5 gxf5 25. dxe4 f4 26. Qg4 Bf6 27. Kh1 Bg5 28. Nf3 Qd6 29. Rg1 Rg8 30. Bc3 Qg6 31. Nxe5 Qxe4+ 32. f3 Qxc2 33. Qd7+ Rg7 34. Qh3 b5 35. Ng4 Rg6 36. axb5 cxb5 37. Ne5 Rg7 38. Nd7 Rf7 39. Qe6 Re7 40. Nf8# 1-0


[Site "https://www.chess.com"]

[Event "Titled Tuesday Blitz February 14 Late 2023"]
[White "Fan_Of_Chucky"]
[Black "Yuan, Qingyu"]
[BlackFideId "8609772"]
[WhiteElo "2398"]
[BlackElo "2373"]
[Result "0-1"]
[Round "07"]
[TimeControl "180+2"]
[Date "2023.02.14"]
[WhiteClock "0:00:10"]
[BlackClock "0:00:08"]

1. d4 Nf6 2. c4 g6 3. Nf3 Bg7 4. g3 c6 5. Bg2 d5 6. cxd5 cxd5 7. Ne5 O-O 8. O-O Bf5 9. Nc3 Ne4 10. Nxe4 dxe4 11. Be3 Nd7 12. Nxd7 Qxd7 13. Qd2 Rfd8 14. Rfd1 Qd5 15. b3 Rac8 16. Rac1 Rxc1 17. Qxc1 e5 18. Rd2 exd4 19. Bxd4 Bxd4 20. e3 Qe5 21. exd4 Rxd4 22. Qc3 Rd5 23. Qxe5 Rxe5 24. Rd8+ Kg7 25. Rb8 Re7 26. Kf1 b6 27. Rd8 Rc7 28. Ke2 Rc2+ 29. Rd2 Rc3 30. h3 h5 31. Rd4 Rc2+ 32. Rd2 Rc3 33. Rd4 Kf6 34. Bxe4 Bxe4 35. Rxe4 Rc2+ 36. Ke3 Rxa2 37. Rc4 Ra3 38. Rc3 Kg7 39. Ke2 a5 40. Kd2 Ra2+ 41. Ke3 Ra3 42. Kd2 Kh7 43. Kc2 Ra2+ 44. Kd3 Rxf2 45. Rc6 Rf3+ 46. Kc4 Rxg3 47. Rxb6 Rxh3 48. Ra6 Rh4+ 49. Kc5 Rb4 50. Rxa5 Rxb3 51. Ra7 Kg7 52. Kd4 Rf3 53. Ke4 Rf5 54. Ke3 h4 55. Ra1 Kh6 56. Rh1 Kh5 57. Ke4 Rg5 58. Rg1 Rxg1 0-1


[Site "https://www.chess.com"]

[Event "Titled Tuesday Blitz February 14 Late 2023"]
[White "Bernadskiy, Vitaliy"]
[Black "Cori T., Deysi"]
[WhiteFideId "14100371"]
[BlackFideId "3801934"]
[WhiteElo "2592"]
[BlackElo "2362"]
[Result "1-0"]
[Round "07"]
[TimeControl "180+2"]
[Date "2023.02.14"]
[WhiteClock "0:00:15"]
[BlackClock "0:00:01"]

1. d4 Nf6 2. Nc3 g6 3. e4 d6 4. Be3 Bg7 5. Qd2 h6 6. h3 c6 7. a4 Nbd7 8. Nf3 g5 9. e5 Nd5 10. Nxd5 cxd5 11. exd6 exd6 12. Qb4 Qe7 13. Bb5 O-O 14. O-O Nf6 15. Rfe1 Ne4 16. Ne5 a6 17. Bf1 Qf6 18. Ng4 Qg6 19. f3 Ng3 20. Bd3 Bf5 21. Bf2 Bxd3 22. cxd3 Nf5 23. Qxb7 h5 24. Ne3 Nxd4 25. Nxd5 Kh8 26. Ne7 Qf6 27. Nd5 Qf5 28. Re4 Nxf3+ 29. gxf3 Qxh3 30. Ne3 Rac8 31. Rc4 Rce8 32. Qd5 Re5 33. Qxd6 Qxf3 34. Ng2 h4 35. Qc6 1-0


[Site "https://www.chess.com"]

[Event "Titled Tuesday Blitz February 14 Late 2023"]
[White "Maksimovic, Bojan"]
[Black "Richter, Paul"]
[WhiteFideId "14408120"]
[BlackFideId "2046350"]
[WhiteElo "2486"]
[BlackElo "2171"]
[Result "1-0"]
[Round "07"]
[TimeControl "180+2"]
[Date "2023.02.14"]
[WhiteClock "0:02:05"]
[BlackClock "0:00:04"]

1. e4 c5 2. Nf3 d6 3. d4 cxd4 4. Nxd4 Nf6 5. Nc3 g6 6. Be3 Bg7 7. f3 O-O 8. Qd2 Nc6 9. g4 Be6 10. O-O-O Qa5 11. Kb1 Nxd4 12. Bxd4 Rfc8 13. a3 Rab8 14. h4 b5 15. Nd5 Qxd2 16. Rxd2 Nxd5 17. exd5 Bxd4 18. Rxd4 Bd7 19. h5 f6 20. Bd3 Kg7 21. h6+ Kf7 22. Re1 a5 23. b3 Rc7 24. Kb2 Rbc8 25. Rde4 Be8 26. Rd4 Kf8 27. b4 a4 28. Rc1 Kf7 29. c4 bxc4 30. Rdxc4 Rxc4 31. Rxc4 Rxc4 32. Bxc4 f5 33. g5 Bd7 34. f4 e5 35. dxe6+ Bxe6 36. Kc3 d5 37. Bb5 Ke7 38. Bxa4 Kd6 39. Kd4 Bc8 40. Be8 1-0


[Site "https://www.chess.com"]

[Event "Titled Tuesday Blitz February 14 Late 2023"]
[White "Gutenev, Alexander"]
[Black "O`Gorman, Tom"]
[WhiteFideId "4195540"]
[BlackFideId "2508249"]
[WhiteElo "2455"]
[BlackElo "2355"]
[Result "1-0"]
[Round "07"]
[TimeControl "180+2"]
[Date "2023.02.14"]
[WhiteClock "0:00:19"]
[BlackClock "0:00:13"]

1. b3 e5 2. Bb2 Nc6 3. Nf3 e4 4. Ne5 Nf6 5. Nxc6 dxc6 6. d3 Bc5 7. e3 Bf5 8. Be2 O-O 9. O-O Qe7 10. Nd2 Rad8 11. d4 Bd6 12. Nc4 Rfe8 13. Nxd6 cxd6 14. c4 d5 15. Qd2 Bg4 16. Bxg4 Nxg4 17. h3 Nf6 18. Qa5 b6 19. Qa4 Rc8 20. Rac1 Qd7 21. Rc2 Re6 22. Rfc1 h5 23. Qa6 h4 24. a4 Rce8 25. c5 Nh5 26. Qe2 g6 27. Qg4 Rb8 28. Rc3 Qe7 29. Ba3 b5 30. axb5 Rxb5 31. Ra1 f5 32. Qd1 Qg5 33. Bc1 Rb7 34. Ra6 Qe7 35. Qe2 Nf6 36. Qa2 g5 37. Qa4 Qd7 38. b4 Ne8 39. Ra3 g4 40. Rxa7 gxh3 41. Rxb7 Qxb7 42. gxh3 Qg7+ 43. Kh1 Rg6 44. Qd1 Nf6 45. b5 cxb5 46. c6 f4 47. exf4 Qc7 48. f5 Rg7 49. Ra8+ Kh7 50. Qd2 Ng8 51. Qf4 Qxc6 52. Qxh4+ 1-0


[Site "https://www.chess.com"]

[Event "Titled Tuesday Blitz February 14 Late 2023"]
[White "Toncheva, Nadya"]
[Black "Cardoso Cardoso, Jose Gabriel"]
[WhiteFideId "2924056"]
[BlackFideId "4430492"]
[WhiteElo "2295"]
[BlackElo "2492"]
[Result "0-1"]
[Round "07"]
[TimeControl "180+2"]
[Date "2023.02.14"]
[WhiteClock "0:00:04"]
[BlackClock "0:00:02"]

1. d4 d5 2. c4 e6 3. Nc3 c5 4. cxd5 cxd4 5. Qa4+ Bd7 6. Qxd4 exd5 7. Qxd5 Nc6 8. e3 Nf6 9. Qd1 Qc7 10. Nf3 O-O-O 11. Bd2 g5 12. Nxg5 Rg8 13. Nge4 Nxe4 14. Nxe4 f5 15. Nf6 Rg6 16. Nxd7 Rxd7 17. Qc2 f4 18. O-O-O fxe3 19. Bxe3 Rxd1+ 20. Kxd1 Rd6+ 21. Kc1 Qa5 22. Bc4 Nb4 23. Be6+ Kd8 24. Qc8+ Ke7 25. Bc5 Nd3+ 26. Kb1 Qxc5 27. Qxc5 Nxc5 28. Bf5 Rd2 29. Bxh7 Bg7 30. Re1+ Kd6 31. Bc2 Rxf2 32. Rd1+ Kc6 33. b4 Na6 34. a3 Re2 35. Bd3 Rb2+ 36. Kc1 Ra2 37. b5+ Kc5 38. bxa6 b5 39. Rd2 Bh6 40. Kb1 Rxd2 41. Bc2 Rxg2 0-1


[Site "https://www.chess.com"]

[Event "Titled Tuesday Blitz February 14 Late 2023"]
[White "Fiorito, Francisco"]
[Black "Bjelobrk, Igor"]
[WhiteFideId "180165"]
[BlackFideId "4300726"]
[WhiteElo "2305"]
[BlackElo "2403"]
[Result "1-0"]
[Round "07"]
[TimeControl "180+2"]
[Date "2023.02.14"]
[WhiteClock "0:00:19"]
[BlackClock "0:00:10"]

1. d4 e6 2. Nc3 d5 3. Bf4 Bb4 4. Qd3 Nf6 5. a3 Bd6 6. Bxd6 cxd6 7. e3 O-O 8. Nf3 b6 9. Qd2 Ba6 10. Bxa6 Nxa6 11. h3 Rc8 12. O-O Nb8 13. a4 Nc6 14. Rfe1 Na5 15. Nb5 a6 16. Na3 Ne4 17. Qb4 Nc4 18. Nxc4 Rxc4 19. Qb3 Qc7 20. c3 Rb8 21. Red1 b5 22. axb5 axb5 23. Nd2 Nxd2 24. Rxd2 b4 25. Ra4 g6 26. Rxb4 Rcxb4 27. cxb4 Rb5 28. Rc2 Qb6 29. Qa4 Kg7 30. Rc8 Qb7 31. Rd8 Qb6 32. Rxd6 Qb8 33. Rd8 Qb6 34. Qa8 Rxb4 35. Rg8+ Kf6 36. Rh8 Rxb2 37. Rxh7 Rb1+ 38. Kh2 Qb8+ 39. Qxb8 Rxb8 40. Rh4 Rb1 41. Rf4+ Kg7 42. h4 Rc1 43. Kg3 Rc2 44. Kf3 Rb2 45. Rg4 Kh6 46. Rg3 f5 47. Rh3 Rc2 48. Rh1 Rb2 49. g3 g5 50. hxg5+ Kxg5 51. Rh8 Kf6 52. Rh6+ Kf7 53. Rh2 Ke7 54. Kf4 Kf6 55. Rh6+ Kf7 56. Ke5 Rxf2 57. Rf6+ Kg7 58. Kxe6 Rf3 59. Rxf5 Rxe3+ 60. Kxd5 Rxg3 61. Kd6 Ra3 62. d5 Ra6+ 63. Ke7 Ra7+ 64. Ke6 Ra1 65. d6 Re1+ 66. Kd7 Kg6 67. Rf2 Re5 68. Kc7 Rc5+ 69. Kd8 Rc1 70. d7 1-0


[Site "https://www.chess.com"]

[Event "Titled Tuesday Blitz February 14 Late 2023"]
[White "Santos Flores, Alberto"]
[Black "Rorrer, Grayson"]
[WhiteFideId "3601234"]
[BlackFideId "30944996"]
[WhiteElo "2164"]
[BlackElo "2263"]
[Result "0-1"]
[Round "07"]
[TimeControl "180+2"]
[Date "2023.02.14"]
[WhiteClock "0:00:46"]
[BlackClock "0:01:21"]

1. e4 c6 2. d4 d5 3. Nc3 dxe4 4. Nxe4 Nf6 5. Nxf6+ exf6 6. c3 Bd6 7. Bd3 O-O 8. Ne2 Re8 9. O-O Nd7 10. Ng3 Nf8 11. Qh5 g6 12. Qh6 Ne6 13. Re1 Bf8 14. Qh4 c5 15. Bb5 Bd7 16. Bxd7 Qxd7 17. dxc5 Nxc5 18. Be3 f5 19. Rad1 Qc6 20. Bd4 Ne6 21. Bf6 Bg7 22. Bxg7 Kxg7 23. Qb4 Rad8 24. Qb3 Nf4 25. f3 Qc5+ 26. Kh1 Nd3 27. Rf1 Nf2+ 28. Rxf2 Qxf2 29. Rf1 Re1 30. Qc4 Rdd1 0-1


[Site "https://www.chess.com"]

[Event "Titled Tuesday Blitz February 14 Late 2023"]
[White "Benmesbah, Natacha"]
[Black "Firat, Burak"]
[WhiteFideId "642002"]
[BlackFideId "6305881"]
[WhiteElo "2261"]
[BlackElo "2456"]
[Result "0-1"]
[Round "07"]
[TimeControl "180+2"]
[Date "2023.02.14"]
[WhiteClock "0:00:03"]
[BlackClock "0:01:34"]

1. e4 c5 2. Nf3 e6 3. b3 a6 4. Bb2 d6 5. c4 Nf6 6. Nc3 Be7 7. d4 cxd4 8. Nxd4 O-O 9. Be2 b6 10. O-O Bb7 11. Bf3 Qc7 12. Qe2 Nbd7 13. Rac1 Rac8 14. Rfd1 Qb8 15. g3 Rfe8 16. Bg2 Bf8 17. h3 d5 18. exd5 exd5 19. Qf3 Ne5 20. Qf4 dxc4 21. bxc4 Bxg2 22. Kxg2 Qb7+ 23. Kg1 Rxc4 24. Nce2 Rxc1 25. Rxc1 Ng6 26. Qd2 Qd7 27. Kh2 Ne4 28. Qe3 Nc5 29. Qf3 Ne5 30. Qg2 Ned3 31. Rb1 Nxb2 32. Rxb2 b5 33. Qf3 g6 34. Rc2 Qd6 35. Nb3 Ne4 36. Ned4 Bg7 37. Rc6 Qd5 38. Qe3 Qd7 39. Rxa6 h5 0-1


[Site "https://www.chess.com"]

[Event "Titled Tuesday Blitz February 14 Late 2023"]
[White "Lopez Perdomo, Juan David"]
[Black "Danielyan, Vahe"]
[WhiteFideId "4405137"]
[BlackFideId "13304828"]
[WhiteElo "2029"]
[BlackElo "2346"]
[Result "1-0"]
[Round "07"]
[TimeControl "180+2"]
[Date "2023.02.14"]
[WhiteClock "0:02:16"]
[BlackClock "0:02:28"]

1. e4 c5 2. d4 cxd4 3. c3 dxc3 4. Nxc3 Nc6 5. Nf3 g6 6. Bc4 Bg7 7. O-O e6 8. Bg5 Bf6 9. Bxf6 Nxf6 10. e5 Nh5 11. Ne4 O-O 12. g4 Nf4 13. Nf6+ Kh8 14. Qd2 Nh3+ 15. Kg2 Nxe5 16. Qh6 Nf4+ 17. Kh1 Qxf6 18. Qxf8# 1-0


[Site "https://www.chess.com"]

[Event "Titled Tuesday Blitz February 14 Late 2023"]
[White "Kavutskiy, Konstantin"]
[Black "Tanenbaum, Zachary"]
[WhiteFideId "2026384"]
[BlackFideId "2060850"]
[WhiteElo "2414"]
[BlackElo "2261"]
[Result "1-0"]
[Round "07"]
[TimeControl "180+2"]
[Date "2023.02.14"]
[WhiteClock "0:00:12"]
[BlackClock "0:00:04"]

1. d4 d5 2. c4 dxc4 3. Nf3 Nf6 4. e3 Bg4 5. Bxc4 e6 6. h3 Bh5 7. O-O Nbd7 8. b3 Bd6 9. Bb2 O-O 10. Be2 c5 11. Nbd2 Qe7 12. Nc4 Bc7 13. Qc2 Rac8 14. Rad1 Bg6 15. Bd3 b5 16. Nce5 Nxe5 17. dxe5 Nd5 18. Bxg6 hxg6 19. e4 Nb4 20. Qb1 Rfd8 21. a3 Nc6 22. Qc2 Rxd1 23. Rxd1 Rd8 24. Rc1 Bb6 25. Qe2 a6 26. Qe3 Na5 27. Ng5 Ba7 28. Qg3 Rd2 29. Qh4 Qd7 30. Bc3 Rd1+ 31. Rxd1 Qxd1+ 32. Kh2 Nc6 33. Qh7+ Kf8 34. Qh8+ Ke7 35. Qxg7 Nd8 36. Ba5 Bb8 37. Bxd8+ Kxd8 38. Qf8+ Kc7 39. Qxf7+ Kb6 40. Qxe6+ Ka5 41. Nf3 Qc1 42. g3 Qc3 43. Kg2 c4 44. b4+ Ka4 45. Qxa6+ Kb3 46. Qxb5 Ba7 47. e6 Qb2 48. h4 Qxf2+ 49. Kh3 Qxf3 50. Qd5 Qf1+ 51. Kg4 Qd3 52. Qxd3+ cxd3 53. e7 d2 54. e8=Q d1=Q+ 55. Kg5 Be3+ 56. Kxg6 Qg4+ 57. Kh7 Qxg3 58. Qg8+ Qxg8+ 59. Kxg8 Kxa3 60. e5 Kxb4 61. e6 Bc5 62. Kf7 Kb5 63. h5 Kc6 64. e7 Bxe7 65. Kxe7 Kd5 66. h6 Ke5 67. h7 Kf5 68. h8=Q Kg6 69. Qf6+ Kh7 70. Qg5 Kh8 71. Kf7 Kh7 72. Qh5# 1-0


[Site "https://www.chess.com"]

[Event "Titled Tuesday Blitz February 14 Late 2023"]
[White "Martinez Ramirez, Lennis"]
[Black "Hajiyev, Kanan"]
[WhiteFideId "3509079"]
[BlackFideId "13404148"]
[WhiteElo "2426"]
[BlackElo "2197"]
[Result "1-0"]
[Round "07"]
[TimeControl "180+2"]
[Date "2023.02.14"]
[WhiteClock "0:00:41"]
[BlackClock "0:00:03"]

1. c4 c6 2. d4 d5 3. Nf3 Nf6 4. g3 Bf5 5. Bg2 e6 6. Qb3 Qb6 7. c5 Qxb3 8. axb3 Nbd7 9. b4 a6 10. Nc3 Rc8 11. Nd2 Be7 12. Nb3 Bd8 13. Na5 Bxa5 14. bxa5 e5 15. e3 Kd8 16. Ra4 Re8 17. O-O Kc7 18. Rb4 h5 19. h3 Bd3 20. Rd1 Bb5 21. f4 exd4 22. exd4 Re7 23. f5 Rce8 24. Bf4+ Kc8 25. Bf3 Re1+ 26. Kf2 Rxd1 27. Bxd1 Ne4+ 28. Nxe4 Rxe4 29. Bf3 Nxc5 30. Bxe4 Nxe4+ 31. Ke3 Bf1 32. h4 Bc4 33. Ra4 Kd7 34. Ra1 Nf6 35. Be5 Ng4+ 36. Kf3 f6 37. Bf4 Bd3 38. Ra4 Bxf5 39. Rb4 Kc8 40. Bd6 Be4+ 41. Kf4 g6 42. Be7 Bf5 43. Rb3 Be4 44. Rb6 Bf5 45. Kf3 Be4+ 46. Ke2 Kc7 47. Rb3 Bf5 48. Ra3 Kd7 49. Bc5 Kc7 50. Ra1 Be4 51. Rf1 Kd7 52. Bb6 Ke6 53. Bd8 Nh2 54. Rc1 Ng4 55. Rc3 Kd7 56. Bb6 Bf5 57. Bc5 Be6 58. b3 Bf5 59. Rc1 Be4 60. Rf1 Ke6 61. Kd2 Nh2 62. Rf2 Ng4 63. Re2 Kf5 64. Bd6 Nh6 65. Kc3 Ng4 66. Kb4 Ke6 67. Kc5 Kd7 68. Bf4 Bd3 69. Rd2 Bb5 70. Kb6 Ke6 71. Kxb7 Kf5 72. Kb6 g5 73. Bb8 Ke4 74. Kc5 Ke3 75. Rd1 Kf3 76. Re1 gxh4 77. gxh4 f5 78. Re6 f4 79. Rg6 Kg3 80. Rg5 Kxh4 81. Bxf4 Nf2 82. Kb6 Ne4 83. Rg6 Kh3 84. Rxc6 Bxc6 85. Kxc6 Kg4 86. Bh2 Nc3 87. Kb6 Nb5 88. Be5 h4 89. Kxa6 h3 90. Kxb5 1-0


[Site "https://www.chess.com"]

[Event "Titled Tuesday Blitz February 14 Late 2023"]
[White "Bas Mas, Jose Joaquin"]
[Black "Papasimakopoulos, Alexandros"]
[WhiteFideId "22219064"]
[BlackFideId "4244125"]
[WhiteElo "2197"]
[BlackElo "2401"]
[Result "0-1"]
[Round "07"]
[TimeControl "180+2"]
[Date "2023.02.14"]
[WhiteClock "0:00:45"]
[BlackClock "0:00:47"]

1. e4 e6 2. d4 d5 3. Nd2 Nf6 4. e5 Nfd7 5. Bd3 c5 6. c3 Nc6 7. Ne2 cxd4 8. cxd4 f6 9. exf6 Nxf6 10. O-O Bd6 11. Nf3 Qc7 12. Bg5 O-O 13. Bh4 Nh5 14. Qc2 h6 15. Bh7+ Kh8 16. Bg6 Rxf3 17. Bxh5 Bxh2+ 18. Kh1 Rf5 19. Bg6 Bd6 20. Bxf5 exf5 21. Rae1 Qf7 22. Bg3 Bb4 23. Nc3 Bd7 24. Be5 Ba5 25. Kg1 f4 26. Qb3 f3 27. Qxd5 Qxd5 28. Nxd5 fxg2 29. Kxg2 Bxe1 30. Rxe1 Nxe5 31. Rxe5 Bc6 32. Kg3 Rd8 33. Ne7 Rxd4 34. Nxc6 bxc6 35. Ra5 Rd7 36. b4 Kh7 37. Ra6 Rc7 38. a4 h5 39. Kh4 g6 40. Kg5 Rf7 41. Rxc6 Rf5+ 42. Kh4 Rxf2 43. Kg3 Rf7 44. b5 Kh6 45. a5 Rd7 46. Rc5 Rd3+ 47. Kf4 Rb3 48. Ke5 h4 49. Kd6 h3 50. Kc6 g5 51. b6 axb6 52. axb6 h2 53. Rc1 g4 54. b7 g3 0-1


[Site "https://www.chess.com"]

[Event "Titled Tuesday Blitz February 14 Late 2023"]
[White "Ehlvest, Jaan"]
[Black "Di Berardino, Diego Rafael"]
[WhiteFideId "4500016"]
[BlackFideId "2105446"]
[WhiteElo "2530"]
[BlackElo "2479"]
[Result "1-0"]
[Round "07"]
[TimeControl "180+2"]
[Date "2023.02.14"]
[WhiteClock "0:00:03"]
[BlackClock "0:00:01"]

1. e4 c5 2. Nf3 b6 3. c4 Bb7 4. Nc3 e6 5. g3 Nf6 6. Qe2 Nc6 7. Bg2 Be7 8. O-O d6 9. Rd1 e5 10. d3 O-O 11. Rf1 Ne8 12. a3 Nc7 13. Rb1 Bc8 14. b4 Bg4 15. Qa2 Ne6 16. bxc5 Bxf3 17. Bxf3 dxc5 18. Nd5 Bg5 19. Be3 Ncd4 20. Bg4 g6 21. Qd2 h5 22. Bd1 f5 23. f4 exf4 24. gxf4 Bh6 25. Kh1 fxe4 26. dxe4 Qh4 27. Ba4 Rad8 28. Rbe1 Kh7 29. Bxd4 cxd4 30. Bc2 Nxf4 31. Qxd4 Ne2 32. Qd3 Nf4 33. Qg3 Qxg3 34. hxg3 Ne6 35. e5 Bg7 36. Rxf8 Rxf8 37. Kg2 Rc8 38. Bxg6+ Kh6 39. Bd3 Nc5 40. Be2 Bxe5 41. Rh1 Kg7 42. Rxh5 Nd7 43. Bg4 1-0


[Site "https://www.chess.com"]

[Event "Titled Tuesday Blitz February 14 Late 2023"]
[White "Gubajdullin, Alexei"]
[Black "Ramirez Allo, Eduardo"]
[WhiteFideId "4141202"]
[BlackFideId "2224178"]
[WhiteElo "2285"]
[BlackElo "2274"]
[Result "1-0"]
[Round "07"]
[TimeControl "180+2"]
[Date "2023.02.14"]
[WhiteClock "0:01:03"]
[BlackClock "0:00:14"]

1. d4 Nf6 2. Nf3 g6 3. Bf4 Bg7 4. e3 O-O 5. Be2 d6 6. O-O Nbd7 7. h3 c5 8. c3 b6 9. a4 a6 10. Qb3 Bb7 11. Rd1 Qc7 12. d5 Rfb8 13. c4 Bc8 14. Nc3 Ne8 15. e4 Qd8 16. Re1 Nc7 17. Bf1 f6 18. h4 h5 19. Qc2 Qe8 20. Re3 Nf8 21. Nh2 Bd7 22. Rg3 b5 23. a5 bxc4 24. Bxc4 Nb5 25. Ne2 Rb7 26. Re1 Rab8 27. b3 Nc7 28. Qd2 Kh7 29. Be3 Bb5 30. Nf4 Bxc4 31. bxc4 Rb2 32. Qd1 R8b3 33. Nxg6 Qxg6 34. Rxg6 Kxg6 35. g4 Nd7 36. gxh5+ Kh7 37. Qg4 Ne5 38. Qf5+ Kg8 39. h6 Bf8 40. Ng4 Rb8 41. Nxe5 fxe5 42. Qg6+ Kh8 43. Kh1 Ne8 44. Rg1 Nf6 45. h7 Rb1 46. Qg8+ Nxg8 47. hxg8=Q# 1-0


[Site "https://www.chess.com"]

[Event "Titled Tuesday Blitz February 14 Late 2023"]
[White "Koellner, Ruben Gideon"]
[Black "Womacka, Mathias"]
[WhiteFideId "12993093"]
[BlackFideId "4611390"]
[WhiteElo "2426"]
[BlackElo "2396"]
[Result "1-0"]
[Round "07"]
[TimeControl "180+2"]
[Date "2023.02.14"]
[WhiteClock "0:00:10"]
[BlackClock "0:00:11"]

1. d4 Nf6 2. Nf3 e6 3. Nbd2 c5 4. e3 Nc6 5. Bd3 d5 6. c3 Bd6 7. O-O O-O 8. dxc5 Bxc5 9. b4 Bd6 10. Bb2 Qc7 11. a3 b6 12. c4 dxc4 13. Nxc4 Be7 14. Rc1 Rd8 15. Nce5 Bb7 16. b5 Bc5 17. bxc6 Bxc6 18. Nxc6 Qxc6 19. Bxf6 gxf6 20. Nd4 Qd5 21. Qg4+ Qg5 22. Qh3 f5 23. Qf3 Bxa3 24. Rc7 Bc5 25. Bc4 Bxd4 26. exd4 Rac8 27. Rxc8 Rxc8 28. Bb3 a5 29. d5 e5 30. d6 e4 31. Qd1 Rd8 32. Qd5 Qf6 33. d7 Kg7 34. Ba4 Qe7 35. Qxf5 1-0


[Site "https://www.chess.com"]

[Event "Titled Tuesday Blitz February 14 Late 2023"]
[White "reevecanada"]
[Black "Janaszak, Dawid"]
[BlackFideId "1119206"]
[WhiteElo "2466"]
[BlackElo "2316"]
[Result "0-1"]
[Round "07"]
[TimeControl "180+2"]
[Date "2023.02.14"]
[WhiteClock "0:01:36"]
[BlackClock "0:00:52"]

1. e3 b6 2. Be2 Bb7 3. d4 Nf6 4. Bf3 Ne4 5. Ne2 Qc8 6. c4 g6 7. Qc2 Ng5 8. Bxb7 Qxb7 9. f3 Bg7 10. d5 f5 11. e4 Nf7 12. exf5 Na6 13. fxg6 hxg6 14. Qxg6 Rg8 15. Nf4 Bc3+ 16. Nxc3 Rxg6 17. Nxg6 Nb4 18. O-O b5 19. Re1 Qb6+ 20. Be3 Qxg6 21. Nxb5 Kd8 22. Re2 Nc2 23. Rf1 Qd3 24. Kf2 Nxe3 25. Rxe3 Qc2+ 26. Re2 Qxc4 27. Nc3 Qd4+ 28. Kg3 Rb8 29. Rfe1 Rb6 30. h3 Rg6+ 0-1


[Site "https://www.chess.com"]

[Event "Titled Tuesday Blitz February 14 Late 2023"]
[White "Seletsky, Grigory"]
[Black "Martynov, Pavel"]
[WhiteFideId "14112191"]
[BlackFideId "4101260"]
[WhiteElo "2259"]
[BlackElo "2414"]
[Result "0-1"]
[Round "07"]
[TimeControl "180+2"]
[Date "2023.02.14"]
[WhiteClock "0:00:04"]
[BlackClock "0:00:05"]

1. e4 c5 2. Nc3 e6 3. Nf3 Nc6 4. Bb5 Nge7 5. O-O a6 6. Bxc6 Nxc6 7. d4 cxd4 8. Nxd4 Qc7 9. Re1 Be7 10. Nd5 exd5 11. exd5 O-O 12. dxc6 dxc6 13. Qf3 Bf6 14. c3 c5 15. Nf5 Bxf5 16. Qxf5 b5 17. Bf4 Qc6 18. Be5 Bxe5 19. Rxe5 Rac8 20. Rae1 h6 21. h3 a5 22. R1e3 a4 23. a3 b4 24. c4 Qb6 25. Rg3 Rc6 26. Qe4 bxa3 27. bxa3 Re6 28. Rxe6 Qxe6 29. Qxe6 fxe6 30. Re3 Rf4 31. Rxe6 Rxc4 32. Ra6 Kf7 33. g4 Rc3 34. Kg2 Rxa3 35. Rc6 Rc3 36. Ra6 a3 37. f3 Rc2+ 38. Kg3 a2 39. h4 c4 40. Kf4 c3 41. Ke3 Rb2 42. Kd3 c2 43. Ra7+ Kg8 44. Kd2 Rb1 0-1


[Site "https://www.chess.com"]

[Event "Titled Tuesday Blitz February 14 Late 2023"]
[White "Vovk, Orest"]
[Black "Gasparyan, David"]
[WhiteFideId "14113490"]
[BlackFideId "13311980"]
[WhiteElo "2315"]
[BlackElo "2142"]
[Result "1-0"]
[Round "07"]
[TimeControl "180+2"]
[Date "2023.02.14"]
[WhiteClock "0:00:10"]
[BlackClock "0:00:08"]

1. h4 d5 2. h5 h6 3. e4 dxe4 4. Nc3 Nf6 5. Qe2 c6 6. Nxe4 Bf5 7. d3 e6 8. g3 Nbd7 9. Bg2 Qb6 10. Nf3 Bg4 11. c3 Bxh5 12. Nxf6+ Nxf6 13. Qe5 Bg6 14. O-O Be7 15. Be3 Qd8 16. Rad1 Ng4 17. Qf4 h5 18. Bd4 Bd6 19. Qd2 c5 20. Be3 Qc7 21. Bf4 Bxf4 22. Qxf4 Qxf4 23. gxf4 O-O-O 24. d4 cxd4 25. cxd4 h4 26. Ne5 Bf5 27. Nxf7 h3 28. Bf3 h2+ 29. Kg2 Rh6 30. Nxh6 gxh6 31. Bxg4 Bxg4 32. f3 Bf5 33. Kxh2 h5 34. Rfe1 h4 35. Re5 h3 36. d5 Rg8 37. Rg1 Rd8 38. dxe6 Rd2+ 39. Kg3 h2 40. Rh1 Bd3 41. e7 Bg6 42. e8=Q+ Bxe8 43. Rxe8+ Kd7 44. Re5 Rxb2 45. Rxh2 Rb4 46. Rh7+ Kc6 47. Rg5 Rb2 48. Rg6+ Kc5 49. Rh5+ Kd4 50. a4 b6 51. Rg7 a5 52. Rb5 Ra2 53. Rxb6 Rxa4 54. Re7 Kc5 55. Rb8 Ra1 56. f5 a4 57. f6 Kd6 58. Ra7 a3 59. f7 Rg1+ 60. Kf4 a2 61. f8=Q+ Kd5 62. Rxa2 Rg6 63. Qf7+ Re6 64. Qxe6+ Kxe6 65. Ra5 Kd7 66. Rb6 Kc7 67. Rg6 Kb7 68. Rh5 Ka8 69. Rh7 1-0


[Site "https://www.chess.com"]

[Event "Titled Tuesday Blitz February 14 Late 2023"]
[White "Rangel, Daniel"]
[Black "Baghdasaryan, Vahe"]
[WhiteFideId "2124475"]
[BlackFideId "13303139"]
[WhiteElo "2207"]
[BlackElo "2257"]
[Result "1-0"]
[Round "07"]
[TimeControl "180+2"]
[Date "2023.02.14"]
[WhiteClock "0:00:03"]
[BlackClock "0:00:02"]

1. c4 c6 2. g3 d5 3. Nf3 Nf6 4. b3 Bf5 5. Bg2 e6 6. O-O h6 7. Bb2 Nbd7 8. d3 Be7 9. Nbd2 O-O 10. Qc2 a5 11. Rad1 a4 12. Bc3 axb3 13. axb3 Bh7 14. Ra1 Qb6 15. Qb2 c5 16. d4 Be4 17. Ne5 Bxg2 18. Nxd7 Nxd7 19. Kxg2 Rxa1 20. Rxa1 e5 21. dxc5 Qxc5 22. Ra5 Qb6 23. Rxd5 Qc6 24. e4 f6 25. b4 Nb6 26. Rd3 Nxc4 27. Qb3 b5 28. Rd5 Kh7 29. Nxc4 bxc4 30. Qd1 f5 31. Qe2 f4 32. f3 fxg3 33. hxg3 Bf6 34. b5 Qc7 35. Qd1 Ra8 36. Rd7 Ra2+ 37. Kh3 Qc8 38. b6 Ra3 39. Qd6 Rb3 40. Ba5 c3 41. Qe6 Qa6 42. Qxf6 Qf1+ 43. Kg4 1-0


[Site "https://www.chess.com"]

[Event "Titled Tuesday Blitz February 14 Late 2023"]
[White "Nefedov, Sergey"]
[Black "Drnovsek, Gal"]
[WhiteFideId "24113417"]
[BlackFideId "14607077"]
[WhiteElo "2300"]
[BlackElo "2397"]
[Result "1-0"]
[Round "07"]
[TimeControl "180+2"]
[Date "2023.02.14"]
[WhiteClock "0:01:21"]
[BlackClock "0:01:18"]

1. e4 e5 2. Nf3 Nc6 3. Bc4 Nf6 4. d3 Bc5 5. O-O O-O 6. c3 d5 7. exd5 Nxd5 8. Re1 Bg4 9. h3 Bh5 10. Nbd2 Nb6 11. Qe2 Bd6 12. Bb3 Qd7 13. Ne4 Rae8 14. g4 Bg6 15. Nh4 Kh8 16. Qf3 f5 17. Nxg6+ hxg6 18. Qg3 Be7 19. Bg5 Nd5 20. Qh4+ Kg8 21. Bxe7 Nxe7 22. Ng5 Rf6 23. Rxe5 fxg4 24. Bxd5+ Nxd5 25. Qh7+ 1-0


[Site "https://www.chess.com"]

[Event "Titled Tuesday Blitz February 14 Late 2023"]
[White "Moral Garcia, Serafin"]
[Black "CheckBits"]
[WhiteFideId "2201925"]
[WhiteElo "2238"]
[BlackElo "2468"]
[Result "1/2-1/2"]
[Round "07"]
[TimeControl "180+2"]
[Date "2023.02.14"]
[WhiteClock "0:00:17"]
[BlackClock "0:00:07"]

1. e4 e6 2. d4 d5 3. Nd2 Nf6 4. e5 Nfd7 5. c3 c5 6. Bd3 Nc6 7. Ne2 a6 8. O-O b5 9. f4 g6 10. Nf3 Bb7 11. h3 cxd4 12. cxd4 Qb6 13. Kh1 Be7 14. Be3 O-O-O 15. Bf2 Kb8 16. Rc1 Nb4 17. Bb1 Rc8 18. Qd2 Rxc1 19. Rxc1 Rc8 20. Bh4 Bxh4 21. Nxh4 Rxc1+ 22. Nxc1 a5 23. Nf3 Nc6 24. a3 b4 25. axb4 axb4 26. g4 Ba6 27. Kg2 Kb7 28. f5 Qb5 29. Bd3 Qa4 30. f6 Nb6 31. b3 Qa1 32. Bxa6+ Kxa6 33. Ng5 Nxd4 34. Nxf7 Qc3 35. Qxc3 bxc3 36. Ng5 Nd7 37. Nxh7 Nxe5 38. Nf8 Nf7 39. Nxg6 e5 40. h4 Ne6 41. g5 d4 42. Ne7 Nexg5 43. hxg5 Nxg5 44. Nc6 Nf7 45. Kf3 Kb5 46. Nxe5 Nxe5+ 47. Ke4 Nf7 48. Kxd4 Kb4 49. Kd5 Ka3 50. Ke6 Nh6 51. f7 Nxf7 52. Kxf7 Kb2 53. Ne2 Kxb3 54. Nxc3 1/2-1/2


[Site "https://www.chess.com"]